 Dungeon Crawl Stone Soup version 0.32-a0-876-gcfddb08 (webtiles) character file.

Game seed: 64948833459253988

77 lyrin the Covered (level 3, 0/31 HPs)
             Began as a Demigod Fighter on Apr 1, 2024.
             Slain by a gnoll
             ... wielding a +0 halberd of freezing
              (1 damage)
             ... on level 2 of the Dungeon.
             The game lasted 00:01:17 (1147 turns).

lyrin the Covered (Demigod Fighter)                 Turns: 1147, Time: 00:01:18

Health: 0/31       AC:  9    Str: 21    XL:     3   Next: 91%
Magic:  5/5        EV:  8    Int: 10    God:
Gold:   70         SH:  4    Dex: 13    Spells: 2/2 levels left

rFire   . . .        a - +0 war axe
rCold   . . .        c - +0 buckler
rNeg    . . .        b - +0 scale mail
rPois   .            (no helmet)
rElec   .            (no cloak)
rCorr   .            (no gloves)
SInv    .            e - +1 pair of boots
Will    .....        (no amulet) Stlth
                     m - +4 ring of slaying
HPRegen 0.25/turn    (no ring)
MPRegen 0.09/turn

%: no passive effects
@: no status effects
A: high MP 1, forlorn, divine attributes
a: no special abilities


You were on level 2 of the Dungeon.
You visited 1 branch of the dungeon, and saw 2 of its levels.

You collected 70 gold pieces.

Inventory:

Hand Weapons
 a - a +0 war axe (weapon)
Armour
 b - a +0 scale mail (worn)
 c - a +0 buckler (worn)
 e - a +1 pair of boots (worn)
Jewellery
 m - a +4 ring of slaying (left hand)
Scrolls
 f - a scroll of teleportation {unknown}
 g - a scroll of enchant armour {unknown}
 i - 3 scrolls of identify {unknown}
 j - a scroll of amnesia {unknown}
 l - a scroll of enchant weapon {unknown}
Potions
 d - a potion of might
 h - a potion of haste {unknown}
 k - 2 potions of heal wounds {unknown}


   Skills:
 + Level 3.0 Fighting
 + Level 2.9 Axes
 + Level 3.2 Armour
 + Level 0.3 Dodging
 + Level 3.0 Shields


You had 2 spell levels left.
You didn't know any spells.
Your spell library was empty.

Dungeon Overview and Level Annotations

Branches:
Dungeon (2/15)


Innate Abilities, Weirdness & Mutations

You have an increased reservoir of magic. (+10% MP)
You shall have no god before yourself.
Your divine heritage dramatically boosts your attributes as you level up.


Message History

You slash the frilled lizard!
You kill the frilled lizard!
No target in view!
Items here: )) ††.
A gnoll comes into view. It is wielding a +0 flail.
Unknown command.
A gnoll is nearby!
Found a stone staircase leading up.
The gnoll shouts!
A gnoll comes into view. It is wielding a +0 flail.
A gnoll comes into view.
It is wielding a +0 halberd of freezing.
The gnoll shouts!
You slash the gnoll!
The gnoll is almost dead.
The gnoll barely misses you.
You hit the gnoll.
You kill the gnoll!
You block the gnoll's attack.
The gnoll hits you from afar with a +0 halberd of freezing.
The gnoll freezes you.
A rat comes into view.
You closely miss the gnoll. The gnoll closely misses you.
The gnoll hits you but does no damage.
You hit the gnoll but do no damage. The gnoll barely misses you.
The gnoll hits you from afar with a +0 halberd of freezing!
The gnoll freezes you. The gnoll hits you but does no damage.
You barely miss the rat. You completely miss the gnoll.
The gnoll hits you with a +0 flail. The rat bites you but does no damage.
The gnoll barely misses you.
You are too injured to fight recklessly!
You slash the rat!
You kill the rat!
You hit the gnoll. The gnoll hits you with a +0 flail.
* * * LOW HITPOINT WARNING * * *
The gnoll misses you.
You are too injured to fight recklessly!
The gnoll hits you with a +0 flail.
* * * LOW HITPOINT WARNING * * *
The gnoll hits you with a +0 halberd of freezing.
You die...

.....# ### ####
#>.... .... ...#
#..#.# ####
#.....#..#.#
##..#.......##
...##.###...#######
#..................
#.g#.###....###....
.#####.@#........#
#..†.
......g.######)..#
#.... .######.#
#....# #....
######.#####.#.##
#....
..............#.#
#....
######?###....#.#
##### #. #....#.#
#< #...##.# ##
#...# .#


You could see 2 gnolls.

Vanquished Creatures
  2 gnolls (D:2)
  An adder (D:2)
  A ribbon worm (D:2)
  A dart slug (D:1)
  2 endoplasms (D:1)
  6 goblins
  7 hobgoblins (D:1)
  A kobold (D:1)
  3 quokkas
  A ball python (D:1)
  9 bats
  6 frilled lizards
  2 rats (D:2)
42 creatures vanquished.

Notes
Turn   | Place    | Note
-------+----------+-------------------------------------------
     0 | D:1      | lyrin the Demigod Fighter began the quest for the Orb.
     0 | D:1      | Reached XP level 1. HP: 18/18 MP: 3/3
   108 | D:1      | Reached XP level 2. HP: 25/25 MP: 4/4
   812 | D:2      | Reached XP level 3. HP: 28/30 MP: 5/5
  1147 | D:2      | HP: 1/31 [gnoll/+0 flail (6)]
  1147 | D:2      | Slain by a gnoll

Illustrated notes

Levels and vault maps discovered:
D:1:      erik_arrival_blinker_ship, layout_basic
D:2:      layout_basic

Skill      XL: |  1  2  3 |
---------------+----------+-----
Axes           | 2 |  2.9
Armour         | 3 |  3.2
Shields        | 3 |  3.0
Fighting       | 3 |  3.0
Dodging        | |  0.3

Action                     || total
---------------------------++-------
  Melee: War axe           ||   131
 Armour: Scale mail        ||   112
  Dodge: Dodged            ||    75
  Block: Buckler           ||    44

Table legend: (Time is in decaauts)
 A = Elapsed time spent in this place.
 B = Non-inter-level travel time spent in this place.
 C = Inter-level travel time spent in this place.
 D = Time resting spent in this place.
 E = Time spent auto-exploring this place.
 F = Levels seen in this place.
 G = Mean time per level.
                   A        B        C        D        E       F      G
               +--------+--------+--------+--------+--------+-----+--------+
         Total |   1201 |   1191 |     10 |      0 |    848 |   2 |  600.5 |
       Dungeon |   1201 |   1191 |     10 |      0 |    848 |   2 |  600.5 |
               +--------+--------+--------+--------+--------+-----+--------+

Top non-repeatable levels by time:
     D:1: 827 daAuts
     D:2: 373 daAuts
